 Dungeon Crawl Stone Soup version 0.26.1-11-gd32895ea62 (webtiles) character file.

Game seed: 10893933003352799645

112 infcreate the Skirmisher (level 5, 42/42 HPs)
             Began as a Human Berserker on July 19, 2021.
             Was a Believer of Trog.
             Quit the game on level 3 of the Dungeon.
             The game lasted 00:10:13 (3303 turns).

infcreate the Skirmisher (Human Berserker)          Turns: 3303, Time: 00:10:14

Health: 42/42      AC:  9    Str: 19    XL:     5   Next: 16%
Magic:  14/14      EV:  8    Int:  7    God:    Trog [**....]
Gold:   235        SH:  0    Dex: 12    Spells: 4/4 levels left

rFire    . . .     SeeInvis .   a - +0 falchion
rCold    . . .     Faith    .   (no shield)
rNeg     . . .     Spirit   .   s - +0 chain mail
rPois    .         Reflect  .   (no helmet)
rElec    .         Harm     .   (no cloak)
rCorr    +         Rampage  .   (no gloves)
Will     .....                  (no boots)
Stlth    ..........             (no amulet)
HPRegen  0.14/turn              R - ring of resist corrosion
MPRegen  0.14/turn              W - ring of magical power

@: no status effects
A: no striking features
a: Renounce Religion, Berserk, Trog's Hand


You were on level 3 of the Dungeon.
You worshipped Trog.
Trog was pleased with you.
You visited 1 branch of the dungeon, and saw 3 of its levels.

You collected 235 gold pieces.


   Skills:
 + Level 3.7 Fighting
 + Level 3.7 Long Blades
 + Level 2.9 Armour
 + Level 2.9 Dodging


You had 4 spell levels left.
You didn't know any spells.
Your spell library was empty.

Inventory:

Hand Weapons
 a - a +0 falchion (weapon)
Missiles
 p - 9 bolts
Armour
 s - a +0 chain mail (worn)
Jewellery
 R - a ring of resist corrosion (left hand)
 W - a ring of magical power (right hand)
Scrolls
 b - 4 scrolls of teleportation {@r4}
 c - 5 scrolls of identify {@r1}
 d - 4 scrolls of remove curse {@r2}
 l - a scroll of blinking {unknown}
 m - a scroll of amnesia {unknown}
 n - a scroll of immolation {unknown}
Potions
 e - 5 potions of curing {@q1}
 f - a potion of berserk rage {unknown}
 g - 2 potions of cancellation
 h - a potion of might {unknown}
 j - 2 potions of attraction {unknown}
 k - 2 potions of haste {@q3}
 o - a potion of heal wounds {unknown}
 r - a potion of degeneration {unknown}
 t - a potion of brilliance {unknown}

Dungeon Overview and Level Annotations

Branches:
Dungeon (3/15)

Altars:

...........▒▒
^.........[.▒▒ #
.............▒ ####.#
....)........▒ #....#
..♣..♣.......▒###.####
..(≈≈........'.##.#
..(≈≈........'.##.#
.(♣..♣.......▒....########.
.............▒..@...)......
.............▒#############
............▒▒ ...........▒
..........▒ .........▒
........▒ . ## ▒▒▒('▒▒▒▒.#
#.##. .<....# #.# #.###


There were no monsters in sight!


Message History

You hit the orc wizard.
The orc wizard is severely wounded.
The orc wizard hits you but does no damage.
You hit the orc wizard but do no damage.
The orc wizard is severely wounded.
The orc wizard casts a spell at you. You resist with some effort.
The orc wizard hits you but does no damage.
You completely miss the orc wizard.
The orc wizard is severely wounded.
The orc wizard closely misses you.
The orc wizard gestures at you while chanting.
The magic dart hits you.
* * * LOW HITPOINT WARNING * * *
You hit the orc wizard.
The orc wizard is almost dead.
The orc wizard barely misses you.
The orc wizard hits you but does no damage.
You hit the orc wizard.
You kill the orc wizard!
Trog accepts your kill.
Trog appreciates your killing of a magic user.
You have reached level 5!
You start resting.
Magic restored.
You feel yourself speed up.
HP restored.
Things that are here:
a +0 dagger; a cursed +0 robe; an orc corpse Are you sure you want to abandon this character and quit the game? (Confirm with "yes".)

Action                   |  1- 3 |  4- 6 || total
-------------------------+-------+-------++-------
Melee: Falchion          |   105 |    65 ||   170
Invok: Berserk           |     1 |       ||     1
  Use: Scroll            |     5 |       ||     5
 Stab: Sleeping          |     1 |       ||     1
Armor: Animal skin       |    13 |       ||    13
       Ring mail         |    16 |    12 ||    28
       Chain mail        |       |    15 ||    15
Dodge: Dodged            |    69 |    41 ||   110
       Rpst.: Falchion   |    22 |    14 ||    36

Levels and vault maps discovered:
D:1:      heliophobic_arrival_battle_scene, layout_basic
D:2:      layout_loops_ring, serial_forest, infiniplex_forest_end_double,
          infiniplex_forest_zigzag_1, infiniplex_forest_clump_curved,
          infiniplex_forest_clump_diagonal, infiniplex_forest_lined_2,
          infiniplex_forest_lined_room_3, infiniplex_forest_clump_diagonal,
          infiniplex_forest_lined_2, infiniplex_forest_zigzag_1
D:3:      kennysheep_big_flooded_room, layout_loops_ring

Notes
Turn   | Place    | Note
-------+----------+-------------------------------------------
     0 | D:1      | infcreate the Human Berserker began the quest for the Orb.
     0 | D:1      | Reached XP level 1. HP: 18/18 MP: 1/1
   322 | D:1      | Reached XP level 2. HP: 15/24 MP: 2/2
   539 | D:1      | HP: 2/24 [leopard gecko (3)]
   973 | D:1      | Reached XP level 3. HP: 23/29 MP: 3/3
  1802 | D:2      | You fall into a shaft and drop 1 floor!
  1917 | D:2      | Reached ** piety under Trog
  2510 | D:2      | Reached XP level 4. HP: 33/35 MP: 4/4
  3127 | D:3      | Reached XP level 5. HP: 15/42 MP: 5/5
  3303 | D:3      | Quit the game

Vanquished Creatures
  An orc wizard (D:3)
  2 adders
  An ooze (D:3)
  A worm (D:3)
  A dart slug (D:1)
  4 leopard geckos
  3 orcs (D:3)
  3 giant cockroaches
  5 goblins
  5 hobgoblins
  3 jackals (D:2)
  2 kobolds (D:3)
  A quokka (D:3)
  6 bats
  3 frilled lizards
  6 rats
47 creatures vanquished.

Vanquished Creatures (others)
  4 plants (D:2)
4 creatures vanquished.

Grand Total: 51 creatures vanquished

Table legend: (Time is in decaauts)
 A = Elapsed time spent in this place.
 B = Non-inter-level travel time spent in this place.
 C = Inter-level travel time spent in this place.
 D = Time resting spent in this place.
 E = Time spent auto-exploring this place.
 F = Levels seen in this place.
 G = Mean time per level.
                   A        B        C        D        E       F      G
               +--------+--------+--------+--------+--------+-----+--------+
         Total |   3355 |   1625 |   1730 |   1101 |      0 |   3 | 1118.3 |
       Dungeon |   3355 |   1625 |   1730 |   1101 |      0 |   3 | 1118.3 |
               +--------+--------+--------+--------+--------+-----+--------+

Top non-repeatable levels by time:
     D:1: 1400 daAuts
     D:2: 1164 daAuts
     D:3: 790 daAuts

Table legend:
 A = Non-vault XP
 B = Vault XP
 C = Vault XP percentage of total XP
 D = Non-vault monster count
 E = Vault monster count
 F = Vault count percentage of total count
                 A         B        C        D         E       F
            +---------+---------+-------+---------+---------+-------
      Total |     156 |       4 |   2.5 |      45 |       2 |   4.3
            +---------+---------+-------+---------+---------+-------
        D:1 |      35 |       0 |   0.0 |      20 |       0 |   0.0
        D:2 |      27 |       0 |   0.0 |       9 |       0 |   0.0
        D:3 |      94 |       4 |   4.1 |      16 |       2 |  11.1
            +---------+---------+-------+---------+---------+-------
